 Dungeon Crawl Stone Soup version 0.28-a0-1152-g9c71ebef14 (webtiles) character file.

Game seed: 12377575094446513280

6496 SensoryNuts the Covert (level 11, -2/74 HPs)
             Began as an Octopode Fighter on Dec 14, 2021.
             Was a Follower of Yredelemnul.
             Slain by a yak (10 damage)
             ... on level 10 of the Dungeon.
             The game lasted 00:16:33 (10650 turns).

SensoryNuts the Covert (Octopode Fighter)          Turns: 10650, Time: 00:16:33

Health: -2/74      AC:  3    Str: 20    XL:     11   Next: 0%
Magic:  0/11       EV: 15    Int: 11    God:    Yredelemnul [*.....]
Gold:   463        SH:  6    Dex: 11    Spells: 10/10 levels left

rFire   x . .      SeeInvis .   a - +3 long sword
rCold   + . .      Faith    .   b - +0 buckler
rNeg    + . .      Spirit   +   (helmet restricted)
rPois   .          Reflect  .   f - amulet of guardian spirit
rElec   .          Harm     .   n - ring of flight
rCorr   .          Rampage  .   q - ring of ice
Will    +....      Rage     1%  r - ring of positive energy
Stlth   +++++.....              v - ring of willpower
HPRegen 0.22/turn               (no ring)
MPRegen 0.12/turn               (no ring)
                                (no ring)
                                (no ring)

@: flying
A: almost no armour, amphibious, 8 rings, camouflage 1, gelatinous body 1,
(nimble swimmer 1), tentacles, iridescent scales 1, berserk 1, wild magic 1
a: Renounce Religion, Recall Undead Harvest


You were on level 10 of the Dungeon.
You worshipped Yredelemnul.
Yredelemnul was noncommittal.
You visited 2 branches of the dungeon, and saw 11 of its levels.

You collected 463 gold pieces.

Inventory:

Hand Weapons
 a - a +3 long sword (weapon)
 c - a +0 rapier of electrocution
Missiles
 i - 2 throwing nets (quivered)
Armour
 b - a +0 buckler (worn)
Jewellery
 f - an amulet of guardian spirit (around mantle)
 n - a ring of flight (left tentacle)
 q - a ring of ice (right tentacle)
 r - a ring of positive energy (on tentacle)
 v - a ring of willpower (on tentacle)
Wands
 g - a wand of acid (20)
 j - a wand of iceblast (26)
Scrolls
 h - a scroll of fog
 l - 2 scrolls of torment
 m - a scroll of amnesia
 t - a scroll of teleportation
 u - 3 scrolls of vulnerability
 x - a scroll of identify
 y - a scroll of magic mapping
Potions
 d - 2 potions of magic
 e - a potion of flight
 k - 2 potions of attraction
 o - a potion of invisibility
 p - 2 potions of resistance
 s - a potion of degeneration
 w - a potion of brilliance {unknown}


   Skills:
 + Level 6.7 Fighting
 + Level 4.8(7.1) Short Blades
 + Level 8.2(8.8) Long Blades
 + Level 6.7 Dodging
 + Level 9.4 Stealth
 * Level 8.5 Shields
 + Level 0.4 Invocations


You had 10 spell levels left.
You didn't know any spells.
Your spell library contained the following spells:

 Spells                   Type           Power      Damage    Failure   Level
 Magic Dart               Conj           0%         1d3       43%         1
 Ensorcelled Hibernation  Hex/Ice        0%         N/A       56%         2
 Searing Ray              Conj           0%         2d4       56%         2
 Sublimation of Blood     Necr           0%         N/A       56%         2
 Spider Form              Tmut/Pois      0%         N/A       78%         3
 Tukima's Dance           Hex            0%         N/A       78%         3
 Airstrike                Air            0%         N/A       99%         4
 Fulminant Prism          Conj/Hex       0%         3d6       99%         4
 Passage of Golubria      Tloc           0%         N/A       99%         4
 Petrify                  Tmut/Erth      0%         N/A       99%         4
 Summon Lightning Spire   Summ/Air       0%         N/A       99%         4
 Irradiate                Conj/Tmut      0%         3d13      100%        5
 Lightning Bolt           Conj/Air       0%         1d11      100%        5
 Yara's Violent Unravell  Hex/Tmut       0%         3d3       100%        5


Dungeon Overview and Level Annotations

Branches:
Dungeon (10/15)            Temple (1/1) D:5
   Lair: D:8-11         Orc: D:9-12

Altars:
Ashenzari
Elyvilon
Hepliaklqana
Kikubaaqudgha
Okawaru
Qazlal
Sif Muna
Trog
Vehumet
Xom
Yredelemnul
Zin

Shops:
D:1 [   D:7 (

Annotations:
D:7 Harold


Innate Abilities, Weirdness & Mutations

You cannot wear most types of armour.
You are amphibious.
You can wear up to eight rings at the same time.
Your skin changes colour to match your surroundings (Stealth+).
Your rubbery body absorbs attacks. (AC +1, EV +1)
((You are camouflaged near water. (Stealth+)))
You have tentacles for arms and can constrict up to eight enemies at once.
You are partially covered in iridescent scales. (AC +2)
You tend to lose your temper in combat.
Your spells are a little harder to cast, but a little more powerful.


Message History

Your orc wizard zombie hits the yak but does no damage.
Your yak zombie gores the yak.
The yak gores your orc wizard zombie.
Your orc wizard zombie barely misses the yak.
Your yak zombie gores the yak.
The yak gores your yak zombie!
The yak gores something!
Something gores the yak.
You hit the yak but do no damage. You squeeze the yak!
The yak is moderately wounded.
The yak gores you!
* * * LOW HITPOINT WARNING * * *
You hit the yak.
The yak is moderately wounded.
The yak gores you!
* * * LOW HITPOINT WARNING * * *
You barely miss the yak.
The yak is moderately wounded.
The yak barely misses you.
You slash the yak!
The yak is severely wounded.
You block the yak's attack.
You hit the yak.
The yak is almost dead.
The yak misses you.
The yak bellows!
You hit the yak.
The yak is almost dead.
You hear a bellow!
The yak gores you.
* * * LOW HITPOINT WARNING * * *
You slash the yak!
You kill the yak!
A black mist starts to gather...
You have reached level 11!
Okay, then.
You hit the yak but do no damage. You squeeze the yak.
The yak is lightly wounded.
The yak gores you!
You die...
Your body rises from the dead as a mindless zombie.

.......# #...........
.......# #...........
.......# #....Y......
.......# #.Y.YZ......
.......#########.Y$........
.................Z.........
####.#####.#####.##########
#.# #.# #Y# #.# #.# #@# #.#
#.# #.# #.#####.# #.#
#.......# #.# ####.#####.#
#.# .....# #.#####.# ####.#
#.......# #.#
#.#####.########### #.# #.#
#...........#


You could see 3 yaks and a friendly yak zombie.

Vanquished Creatures
  A two-headed ogre (D:9)
  Pikel (D:4)
  A gargoyle (D:9)
  A troll (D:10)
  Sigmund (D:2)
  5 yaks
  A wyvern (D:9)
  2 steam dragons
  Eustachio (D:4)
  Menkaure (D:5)
  A black bear (D:3)
  3 sky beasts
  3 ogres
  5 centaurs
  A lemure (D:4)
  A kobold brigand (D:9)
  4 bullfrogs
  A wyvern skeleton (D:7)
  5 howler monkeys (D:9)
  4 centaur zombies
  A bullfrog skeleton (D:4)
  A hound (D:5)
  A jelly (D:7)
  2 gnoll shamans
  3 centaur skeletons
  4 iguanas
  4 orc wizards
  Robin (D:2)
  16 gnolls
  4 adders
  2 white imps
  An adder skeleton (D:5)
  4 dart slugs
  15 orcs
  4 ball pythons
  4 bats
  4 endoplasms
  4 giant cockroaches
  14 goblins
  8 hobgoblins
  2 quokkas
  3 frilled lizards
  8 kobolds
  4 rats
157 creatures vanquished.

Vanquished Creatures (collateral kills)
  A water moccasin (D:9)
  An ice beast (D:7)
  A gnoll sergeant (D:9)
  A howler monkey (D:9)
  An orc wizard (D:6)
  4 gnolls (D:9)
  4 orcs
  4 kobolds (D:9)
17 creatures vanquished.

Vanquished Creatures (others)
  A two-headed ogre zombie (D:9)
  A water moccasin zombie (D:9)
  2 yak zombies
  A bullfrog zombie (D:9)
  A centaur zombie (D:8)
  3 howler monkey zombies (D:9)
  A spectral jelly (D:7)
  A steam dragon zombie (D:7)
  An iguana zombie (D:7)
  3 gnoll zombies (D:9)
  4 kobold zombies (D:9)
  5 orc zombies
24 creatures vanquished.

Grand Total: 198 creatures vanquished

Notes
Turn   | Place    | Note
-------+----------+-------------------------------------------
     0 | D:1      | SensoryNuts the Octopode Fighter began the quest for the
                  | Orb.
     0 | D:1      | Reached XP level 1. HP: 16/16 MP: 1/1
   714 | D:1      | Found Saqamaun's Armour Shop.
   773 | D:1      | Reached XP level 2. HP: 21/21 MP: 2/2
   878 | D:1      | Gained mutation: Your spells are a little harder to cast,
                  | but a little more powerful. [potion of mutation]
   878 | D:1      | Gained mutation: You tend to lose your temper in combat.
                  | [potion of mutation]
   878 | D:1      | Gained mutation: You are partially covered in iridescent
                  | scales. (AC +2) [potion of mutation]
  1063 | D:2      | Noticed Robin
  1074 | D:2      | Killed Robin
  1075 | D:2      | Reached XP level 3. HP: 9/26 MP: 3/3
  1077 | D:2      | Reached skill level 1 in Stealth
  1709 | D:2      | Found a faded altar of an unknown god.
  1807 | D:2      | Reached XP level 4. HP: 31/31 MP: 4/4
  2007 | D:2      | Noticed Sigmund
  2051 | D:2      | Killed Sigmund
  2052 | D:2      | Reached skill level 3 in Stealth
  2052 | D:2      | Reached XP level 5. HP: 10/37 MP: 2/5
  2052 | D:2      | Reached XP level 6. HP: 11/43 MP: 2/6
  2638 | D:3      | Found a hazy altar of Hepliaklqana.
  2660 | D:3      | Found a shimmering blue altar of Sif Muna.
  2933 | D:4      | Noticed Eustachio
  2943 | D:4      | Killed Eustachio
  2944 | D:4      | Reached skill level 4 in Stealth
  2944 | D:4      | Reached XP level 7. HP: 38/48 MP: 4/7
  3786 | D:4      | Reached skill level 1 in Short Blades
  3893 | D:4      | Noticed Pikel
  3914 | D:4      | Killed Pikel
  3915 | D:4      | Reached skill level 5 in Stealth
  3915 | D:4      | Reached skill level 5 in Shields
  3915 | D:4      | Reached XP level 8. HP: 8/54 MP: 1/8
  4350 | D:4      | Reached skill level 5 in Dodging
  4976 | D:5      | Entered Level 5 of the Dungeon
  5114 | D:5      | Found a staircase to the Ecumenical Temple.
  5130 | D:5      | Noticed Menkaure
  5136 | D:5      | Killed Menkaure
  5137 | D:5      | Reached skill level 5 in Fighting
  5137 | D:5      | Reached skill level 6 in Stealth
  5214 | D:5      | Reached XP level 9. HP: 52/61 MP: 6/9
  5240 | Temple   | Entered the Ecumenical Temple
  5553 | Temple   | Became a worshipper of Yredelemnul the Dark
  5673 | D:5      | Found a bloodstained altar of Trog.
  5769 | D:5      | Reached * piety under Yredelemnul
  5863 | D:5      | Reached ** piety under Yredelemnul
  5985 | D:6      | Reached skill level 7 in Stealth
  6586 | D:7      | Found Gaownix's Weapon Boutique.
  6799 | D:7      | Reached skill level 8 in Stealth
  6977 | D:7      | Noticed Harold
  7257 | D:8      | Reached skill level 5 in Long Blades
  7323 | D:8      | HP: 3/62 [something (5)]
  7639 | D:8      | Reached XP level 10. HP: 53/68 MP: 6/10
  8613 | D:9      | Noticed a two-headed ogre
  8623 | D:9      | Killed a two-headed ogre
  8856 | D:9      | Reached skill level 9 in Stealth
  9139 | D:9      | Noticed a gargoyle
  9149 | D:9      | Killed a gargoyle
  9376 | D:9      | Reached *** piety under Yredelemnul
  9708 | D:9      | Noticed a death yak
  9710 | D:9      | Noticed a death yak
  9712 | D:9      | Noticed a death yak
 10024 | D:10     | Entered Level 10 of the Dungeon
 10650 | D:10     | Reached XP level 11. HP: 8/74 MP: 3/11
 10650 | D:10     | Slain by a yak

Illustrated notes

Levels and vault maps discovered:
D:1:      wander_arrival_estate, layout_basic, serial_shops,
          nicolae_shop_hallway_plus
D:2:      layout_loops_ring, shapermc_ecumenical_altar_pompeii, uniq_sigmund,
          uniq_robin
D:3:      kennysheep_six_static_rooms, layout_loops_cross,
          mainiacjoe_overflow_swirl
D:4:      layout_gridville, minmay_misc_feat_doors, uniq_pikel, uniq_eustachio
D:5:      layout_rooms, lightli_temple_of_fire, minmay_temple_entry_slanted,
          uniq_menkaure
D:6:      layout_rooms, hangedman_decor_points
D:7:      layout_cave_pods, minitemple, serial_shops, shop, minmay_hedge_maze,
          uniq_harold
D:8:      layout_rooms, serial_park_tiny_pond
D:9:      layout_gridville, dpeg_lair_monsters
D:10:     layout_small_grid, chequers_jeans
Temple:   compressed_dpeg_triangle_lava_temple

Skill      XL: |  1  2  3  4  5  6  7  8  9 10 |
---------------+-------------------------------+-----
Stealth        | 1 3 4 5 6 8 9 |  9.4
Long Blades    | 3 4 5 8 |  8.2
Shields        | 4 5 6 7 8 |  8.5
Fighting       | 4 5 6 |  6.7
Dodging        | 4 5 6 |  6.7
Short Blades   | 2 3 4 |  4.8
Invocations    | |  0.4

Action                   |  1- 3 |  4- 6 |  7- 9 | 10-12 || total
-------------------------+-------+-------+-------+-------++-------
Melee: Long sword        |    45 |    39 |    68 |   125 ||   277
       Tentacles         |    12 |    10 |    34 |    36 ||    92
       Constrict         |    11 |    10 |    32 |    10 ||    63
       Rapier            |       |       |   139 |       ||   139
Invok: Recall Undead Har |       |       |     1 |       ||     1
  Use: Scroll            |     5 |     2 |    12 |     5 ||    24
       Potion            |     3 |     1 |     6 |     3 ||    13
 Stab: Sleeping          |     7 |     4 |    23 |     5 ||    39
       Invisible         |       |       |       |     1 ||     1
Armor: Skin              |     1 |    23 |    37 |    16 ||    77
Dodge: Dodged            |    21 |    22 |   118 |    90 ||   251
Block: Buckler           |    16 |    11 |    57 |    44 ||   128

Table legend: (Time is in decaauts)
 A = Elapsed time spent in this place.
 B = Non-inter-level travel time spent in this place.
 C = Inter-level travel time spent in this place.
 D = Time resting spent in this place.
 E = Time spent auto-exploring this place.
 F = Levels seen in this place.
 G = Mean time per level.
                   A        B        C        D        E       F      G
               +--------+--------+--------+--------+--------+-----+--------+
         Total |  10740 |  10301 |    439 |      0 |   8603 |  11 |  976.4 |
       Dungeon |  10395 |   9956 |    439 |      0 |   8358 |  10 | 1039.5 |
        Temple |    345 |    345 |      0 |      0 |    245 |   1 |  345.0 |
               +--------+--------+--------+--------+--------+-----+--------+

Top non-repeatable levels by time:
     D:8: 1829 daAuts
     D:4: 1619 daAuts
     D:2: 1398 daAuts
     D:9: 1214 daAuts
     D:3: 1022 daAuts
     D:1: 987 daAuts
    D:10: 632 daAuts
     D:5: 616 daAuts
     D:6: 611 daAuts
     D:7: 463 daAuts
  Temple: 345 daAuts
